 Dungeon Crawl Stone Soup version 0.31.0-32-g396128a36d (webtiles) character file.

Game seed: 1694798570731284492

2543 analogolas the Basher (level 9, -4/79 HPs)
             Began as a Minotaur Berserker on Apr 6, 2024.
             Was a Priest of Trog.
             Slain by an ogre
             ... wielding a +0 giant spiked club
              (32 damage)
             ... on level 7 of the Dungeon.
             The game lasted 00:37:46 (6349 turns).

analogolas the Basher (Minotaur Berserker)          Turns: 6349, Time: 00:37:46

Health: -4/79      AC: 13    Str: 34    XL:     9   Next: 30%
Magic:  8/8        EV: 12    Int:  4    God:    Trog [***...]
Gold:   569        SH:  0    Dex: 11    Spells: 8/8 levels left

rFire   + . .        l - +0 morningstar
rCold   x . .        (no shield)
rNeg    . . .        n - +0 scale mail
rPois   .            (helmet restricted)
rElec   .            i - +0 cloak
rCorr   +            a - +0 pair of gloves
SInv    .            c - +1 pair of boots of the True Pharaoh {Harm rCorr Str+3}
Will    .....        (no amulet) Stlth
                     b - +6 ring of strength
HPRegen 0.33/turn    r - ring of fire
MPRegen 0.11/turn

%: harm (+30% outgoing, +20% incoming)
@: on berserk cooldown, slowed, very slow
A: horns 2, retaliatory headbutt
a: Renounce Religion, Berserk, Trog's Hand


You were on level 7 of the Dungeon.
You worshipped Trog.
Trog was most pleased with you.
You visited 1 branch of the dungeon, and saw 7 of its levels.

You collected 618 gold pieces.
You spent 49 gold pieces at shops.

Inventory:

Hand Weapons
 l - a +0 morningstar (weapon)
Missiles
 e - 35 stones (quivered)
 m - 9 poisoned darts
Armour
 a - a +0 pair of gloves (worn)
 c - the +1 pair of boots of the True Pharaoh (worn) {Harm rCorr Str+3}
   (You acquired it on level 2 of the Dungeon)

   Str+3:     It affects your strength (+3).
   rCorr:     It protects you from acid and corrosion.
   Harm:      It increases damage dealt and taken.
 f - a +0 pair of gloves
 i - a +0 cloak (worn)
 n - a +0 scale mail (worn)
 v - the +0 leather armour of the Volcano {Dex+2}
   (You found it on level 5 of the Dungeon)

   Dex+2:     It affects your dexterity (+2).
 w - a +0 pair of gloves
 x - a +0 chain mail
Jewellery
 b - a +6 ring of strength (left hand)
 o - a +6 ring of intelligence
 r - a ring of fire (right hand)
 t - a ring of magical power
Scrolls
 g - 2 scrolls of identify
 h - a scroll of summoning
 j - a scroll of fear
 s - a scroll of teleportation
Potions
 p - 2 potions of cancellation


   Skills:
 + Level 7.3 Fighting
 + Level 11.0 Maces & Flails
 + Level 1.0 Throwing
 + Level 7.8 Armour
 + Level 4.3 Dodging
 + Level 1.1 Stealth


You had 8 spell levels left.
You didn't know any spells.
Your spell library was empty.

Dungeon Overview and Level Annotations

Branches:
Dungeon (7/15)             Temple (0/1) D:5

Altars:
Kikubaaqudgha

Shops:
D:2 :*((!


Innate Abilities, Weirdness & Mutations

You have a pair of horns on your head.
You reflexively headbutt those who attack you in melee.


Message History

The bolt of electricity hits you!
* * * LOW HITPOINT WARNING * * *
The bolt of electricity hits you.
* * * LOW HITPOINT WARNING * * *
A red film seems to cover your vision as you go berserk!
You feel yourself moving faster!
You feel mighty!
Prince Ribbit blinks!
You feel a strong urge to attack something.
Prince Ribbit blinks!
The electric eel shoots out a bolt of lightning at you!
The bolt of electricity hits you!
* * * LOW HITPOINT WARNING * * *
You feel your anger nearly subside.
You are no longer berserk.
You are exhausted.
You feel yourself slow down.
Prince Ribbit sighs, "It's not easy being green!"
Prince Ribbit blinks!
You puncture Prince Ribbit!
Prince Ribbit is moderately wounded.
Prince Ribbit blinks!
Prince Ribbit blinks!
Prince Ribbit closely misses you.
Prince Ribbit blinks!
Prince Ribbit blinks! x2
You open the door.
Prince Ribbit hits you but does no damage.
Prince Ribbit attacks as he pursues you!
Prince Ribbit hits you but does no damage.
Prince Ribbit closely misses you.
There is an open door here.
Prince Ribbit closely misses you. You furiously retaliate!
You headbutt Prince Ribbit! You bludgeon Prince Ribbit!!
You kill Prince Ribbit!
Trog accepts your kill.
Your Maces & Flails skill increases to level 11!
Found a fluorescent wand.
An ogre comes into view. It is wielding a +0 giant spiked club.
The ogre shouts!
The ogre hits you with a +0 giant spiked club!!
You die...

## ##########
..#
#........##....
#..............
#......@O......
#..............
#.........#....
#.........# ...
##.........# .
#..........+
#.#....#...#
#.#....#...+
.....
#.'....#...#
....####


You could see an ogre.

Vanquished Creatures
  Prince Ribbit (D:7)
  Sigmund (D:4)
  4 water moccasins
  2 black bears (D:5)
  An ogre (D:5)
  A phantom (D:5)
  2 bullfrogs
  2 scorpions
  A burial acolyte (D:6)
  8 wights (D:6)
  2 bombardier beetles (D:3)
  2 jellies (D:6)
  4 hounds (D:5)
  2 orc priests (D:7)
  A sleepcap (D:6)
  Natasha (thrice) (D:4)
  2 orc wizards
  2 hound zombies (D:6)
  5 gnolls
  5 adders
  3 shadow imps (D:6)
  3 ufetubi
  An adder zombie (D:6)
  A ribbon worm (D:3)
  19 orcs
  5 endoplasms
  6 giant cockroaches
  3 gnoll zombies (D:6)
  5 goblins
  9 hobgoblins
  4 jackals (D:4)
  11 kobolds
  3 quokkas
  2 ball pythons
  2 bats
  3 frilled lizards
  A kobold zombie (D:6)
  4 rats
136 creatures vanquished.

Notes
Turn   | Place    | Note
-------+----------+-------------------------------------------
     0 | D:1      | analogolas the Minotaur Berserker began the quest for the
                  | Orb.
     0 | D:1      | Reached XP level 1. HP: 19/19 MP: 0/0
   185 | D:1      | Reached XP level 2. HP: 23/27 MP: 1/1
   320 | D:1      | Reached skill level 4 in Maces & Flails
   991 | D:2      | Reached XP level 3. HP: 33/33 MP: 2/2
  1247 | D:2      | Found Dabetik's General Store.
  1253 | D:2      | Bought a +0 pair of gloves for 49 gold pieces
  1258 | D:2      | Identified a scroll of acquirement
  1258 | D:2      | Acquired the +1 pair of boots of the True Pharaoh {Harm
                  | rCorr Str+3}
  1303 | D:2      | Found Kuoff's Weapon Emporium.
  1381 | D:2      | Reached ** piety under Trog
  1574 | D:2      | Found Abroud's Weapon Shop.
  1648 | D:2      | Found Govemekh's Book Shop.
  1749 | D:2      | Found Cextekk's Distillery.
  1907 | D:3      | Reached skill level 5 in Maces & Flails
  1907 | D:3      | Reached XP level 4. HP: 35/41 MP: 3/3
  2142 | D:3      | Reached XP level 5. HP: 28/47 MP: 4/4
  2898 | D:4      | Noticed Sigmund
  2904 | D:4      | Reached skill level 6 in Maces & Flails
  2927 | D:4      | Killed Sigmund
  2928 | D:4      | Reached skill level 5 in Fighting
  2928 | D:4      | Reached XP level 6. HP: 36/56 MP: 5/5
  3321 | D:4      | Noticed Natasha
  3326 | D:4      | Killed Natasha
  3514 | D:4      | Noticed Natasha
  3517 | D:4      | Killed Natasha
  3517 | D:4      | Noticed Natasha
  3539 | D:4      | Killed Natasha
  3540 | D:4      | Reached skill level 5 in Armour
  3540 | D:4      | Reached XP level 7. HP: 45/61 MP: 6/6
  3793 | D:5      | Entered Level 5 of the Dungeon
  3867 | D:5      | Reached skill level 7 in Maces & Flails
  3969 | D:5      | Identified the +0 leather armour of the Volcano {Dex+2}
  4010 | D:5      | Reached skill level 1 in Throwing
  4174 | D:5      | Reached skill level 8 in Maces & Flails
  4219 | D:5      | Reached XP level 8. HP: 58/69 MP: 7/7
  4403 | D:5      | Found a staircase to the Ecumenical Temple.
  4407 | D:5      | Reached skill level 1 in Stealth
  4447 | D:5      | Reached *** piety under Trog
  4448 | D:5      | Reached skill level 9 in Maces & Flails
  5096 | D:6      | Reached skill level 10 in Maces & Flails
  5373 | D:6      | HP: 3/71 [electric eel/bolt of electricity (2)]
  5563 | D:6      | Reached XP level 9. HP: 79/79 MP: 8/8
  5973 | D:6      | Found an ancient bone altar of Kikubaaqudgha.
  6299 | D:7      | Noticed Prince Ribbit
  6338 | D:7      | Killed Prince Ribbit
  6339 | D:7      | Reached skill level 11 in Maces & Flails
  6349 | D:7      | Slain by an ogre

Illustrated notes

Levels and vault maps discovered:
D:1:      minmay_arrival_four_houses, layout_loops_corners
D:2:      layout_basic, serial_shops, shop, nicolae_shop_hallway_plus,
          nicolae_shop_bloodbath_and_beyond, nicolae_shop_window_shopping,
          nicolae_square_shop
D:3:      layout_basic
D:4:      layout_loops_corners, serial_park_tiny_2, minmay_misc_feat_doors,
          uniq_sigmund, uniq_natasha
D:5:      minmay_polygon_palace, layout_loops_ring,
          minmay_temple_entry_stoned_glass, serial_glass, glass_columns_a,
          glass_columns_a
D:6:      layout_basic, regret_index_kikubaaqudgha_part_by_part,
          serial_bayou_pond_a, minmay_misc_feat_more_columns,
          kennysheep_another_room
D:7:      statuecave_lemuel, layout_basic, chequers_serial_rivers_large_b,
          minmay_between, uniq_prince_ribbit1

Skill      XL: |  1  2  3  4  5  6  7  8  9 |
---------------+----------------------------+-----
Fighting       | 4 5 7 |  7.3
Maces & Flails | 4 5 6 8 10 11 | 11.0
Armour         | 3 4 5 7 |  7.8
Dodging        | 3 4 |  4.3
Throwing       | 1 |  1.0
Stealth        | 1 |  1.1

Action                     |  1- 3 |  4- 6 |  7- 9 || total
---------------------------+-------+-------+-------++-------
  Melee: Mace              |    64 |       |       ||    64
         Headbutt          |     8 |     4 |    28 ||    40
         Morningstar       |     2 |    73 |   148 ||   223
         Punch             |       |       |     1 ||     1
  Throw: Stone             |       |     9 |       ||     9
 Invoke: Berserk           |       |     1 |       ||     1
    Use: Scroll            |     4 |     3 |     4 ||    11
         Potion            |       |     2 |     5 ||     7
 Armour: Animal skin       |     5 |       |       ||     5
         Ring mail         |    21 |       |       ||    21
         Scale mail        |     6 |    69 |   116 ||   191
  Dodge: Dodged            |    35 |    54 |    92 ||   181
